 Seeded DCSS version 0.30-a0-881-g1ff12e1e11 (webtiles) character file.

Game seed: 34243 (custom seed)

30 Mogus the Slasher (level 3, -3/29 HPs)
             Began as a Human Berserker on Mar 14, 2023.
             Was a Follower of Trog.
             Slain by a gnoll
             ... wielding a +0 spear
              (6 damage)
             ... on level 3 of the Dungeon.
             The game lasted 00:06:22 (937 turns).

Mogus the Slasher (Human Berserker)                  Turns: 937, Time: 00:06:23

Health: -3/29      AC:  6    Str: 19    XL:     3   Next: 35%
Magic:  3/3        EV: 10    Int:  7    God:    Trog [*.....]
Gold:   119        SH:  0    Dex: 12    Spells: 2/2 levels left

rFire   . . .      SeeInvis .    h - +0 sling
rCold   . . .      Faith    .    (no shield)
rNeg    . . .      Spirit   .    e - +0 scale mail
rPois   .          Reflect  .    (no helmet)
rElec   .          Rampage  .    (no cloak)
rCorr   .                        (no gloves)
Will    .....                    (no boots) Stlth
                                 (no amulet)
HPRegen 0.24/turn                (no ring)
MPRegen 0.08/turn                (no ring)

@: no status effects
A: no striking features
a: Renounce Religion, Berserk


You were on level 3 of the Dungeon.
You worshipped Trog.
Trog was aware of your devotion.
You visited 1 branch of the dungeon, and saw 3 of its levels.

You collected 119 gold pieces.

Inventory:

Hand Weapons
 a - a +0 falchion
 h - a +0 sling (weapon)
Missiles
 k - a throwing net
Armour
 b - a +0 animal skin
 e - a +0 scale mail (worn)
Scrolls
 c - a scroll of identify {unknown}
 f - a scroll of enchant armour {unknown}
 g - 2 scrolls of summoning {unknown}
 j - a scroll of torment {unknown}
 m - a scroll of fog {unknown}
 n - a scroll of noise {unknown}
 o - a scroll of vulnerability {unknown}
Potions
 d - a potion of might {unknown}
 l - a potion of curing {unknown}


   Skills:
 + Level 3.2 Fighting
 + Level 3.4 Long Blades
 + Level 1.1 Ranged Weapons
 + Level 2.2 Armour
 + Level 2.2 Dodging
 + Level 0.1 Evocations


You had 2 spell levels left.
You didn't know any spells.
Your spell library contained the following spells:

 Spells                   Type           Power      Damage    Failure   Level
 Ignite Poison            Fire/Tmut/Pois 0%         N/A       99%         3
 Passage of Golubria      Tloc           0%         N/A       100%        4
 Sticky Flame             Conj/Fire      0%         2d3       100%        4
 Silence                  Hex/Air        0%         N/A       100%        5
 Ignition                 Fire           0%         3d3       100%        8
 Lehudib's Crystal Spear  Conj/Erth      0%         10d2      100%        8


Dungeon Overview and Level Annotations

Branches:
Dungeon (3/15)

Altars:


Message History

The gnoll hits you from afar with a +0 spear.
The gnoll hits you from afar with a +0 spear.
The gnoll closely misses you.
Aiming: Throw Flame
Press: ? - help, Q - select action, (/) - cycle Shift-Dir - straight line, f/p - hobgoblin
Aim: a hobgoblin (68% to hit)
The puff of flame hits the gnoll.
The gnoll is almost dead.
The gnoll barely misses you. The gnoll hits you with a +0 spear.
Aiming: Throw Flame
Press: ? - help, Q - select action, (/) - cycle Shift-Dir - straight line, f/p - hobgoblin
Aim: a hobgoblin (68% to hit)
The puff of flame hits the gnoll.
You kill the gnoll!
Trog accepts your kill.
The now-empty wand crumbles to dust.
The gnoll closely misses you.
Your Ranged Weapons skill increases to level 1!
The gnoll hits you with a +0 spear.
* * * LOW HITPOINT WARNING * * *
You see here a +0 spear.
You shoot a sling bullet.
The sling bullet closely misses the gnoll.
The sling bullet hits the gnoll.
The gnoll is heavily wounded.
The gnoll hits you with a +0 spear.
* * * LOW HITPOINT WARNING * * *
The gnoll hits you with a +0 spear.
* * * LOW HITPOINT WARNING * * *
Okay, then.
The gnoll hits you but does no damage.
A ball python skeleton comes into view.
The gnoll closely misses you.
You see here a +0 spear.
You shoot a sling bullet.
The sling bullet barely misses the gnoll.
The sling bullet hits the gnoll but does no damage.
The gnoll is heavily wounded.
The gnoll hits you with a +0 spear.
You die...

#...#######.#
##### #.# #.#
#.# #.#
#####.#######
#............
#.########### #
#@# P8. #g# ###
....###g###...#
8..P..Zg.......
P...#..........
#......###.....
######. #..g.
#. .... #. ...


You could see 2 gnolls, a hobgoblin and a ball python skeleton.

Vanquished Creatures
  A gnoll (D:3)
  An adder skeleton (D:3)
  A dart slug (D:3)
  3 bats
  An endoplasm (D:3)
  A giant cockroach (D:3)
  3 goblins
  2 ball pythons (D:1)
  2 frilled lizards
  A rat (D:1)
16 creatures vanquished.

Notes
Turn   | Place    | Note
-------+----------+-------------------------------------------
     0 | D:1      | Mogus the Human Berserker began the quest for the Orb.
     0 | D:1      | Reached XP level 1. HP: 18/18 MP: 1/1
   281 | D:1      | Reached XP level 2. HP: 24/24 MP: 2/2
   926 | D:3      | Reached XP level 3. HP: 20/29 MP: 3/3
   933 | D:3      | Reached skill level 1 in Ranged Weapons
   937 | D:3      | Slain by a gnoll

Illustrated notes

Levels and vault maps discovered:
D:1:      elethiomel_arrival_shortcut, layout_loops_cross
D:2:      layout_basic, kennysheep_generic_room_15
D:3:      layout_loops_ring, serial_undead, serial_undead_c, serial_undead_c,
          serial_undead_e, serial_undead_b, serial_undead_c, serial_shops, shop,
          amcnicky_mini_pool_small, glass_columns_c, chequers_avenue

Skill      XL: |  1  2  3 |
---------------+----------+-----
Ranged Weapons | 1 |  1.1
Fighting       | |  3.2
Long Blades    | |  3.4
Armour         | |  2.2
Dodging        | |  2.2
Evocations     | |  0.1

Action                     || total
---------------------------++-------
  Melee: Falchion          ||    19
   Fire: Sling             ||    37
  Evoke: Wand              ||     8
 Armour: Animal skin       ||     7
         Scale mail        ||    34
  Dodge: Dodged            ||    63

Table legend: (Time is in decaauts)
 A = Elapsed time spent in this place.
 B = Non-inter-level travel time spent in this place.
 C = Inter-level travel time spent in this place.
 D = Time resting spent in this place.
 E = Time spent auto-exploring this place.
 F = Levels seen in this place.
 G = Mean time per level.
                   A        B        C        D        E       F      G
               +--------+--------+--------+--------+--------+-----+--------+
         Total |    960 |    960 |      0 |      0 |      0 |   3 |  320.0 |
       Dungeon |    960 |    960 |      0 |      0 |      0 |   3 |  320.0 |
               +--------+--------+--------+--------+--------+-----+--------+

Top non-repeatable levels by time:
     D:3: 427 daAuts
     D:1: 367 daAuts
     D:2: 166 daAuts
